 Dungeon Crawl Stone Soup version 0.31-a0-66-ge618eeaa78 (webtiles) character file.

Game seed: 2467870490320876284

48563 tilp the Unseen (level 14, -6/111 HPs)
             Began as a Vampire Enchanter on May 22, 2023.
             Was the Champion of Wu Jian.
             Mangled by a death yak (21 damage)
             ... on level 5 of the Lair of Beasts.
             The game lasted 00:45:00 (20670 turns).

tilp the Unseen (Vampire Enchanter)                Turns: 20670, Time: 00:45:01

Health: -6/111     AC: 11    Str:  9    XL:     14   Next: 12%
Magic:  26/26      EV: 15    Int: 23    God:    Wu Jian [******]
Gold:   1460       SH:  0    Dex: 16    Spells: 14/30 levels left

rFire   . . .        a - +3 dagger
rCold   . . .        (no shield)
rNeg    . . .        v - +2 leather armour {Will+}
rPois   +            h - +2 helmet
rElec   .            w - +2 cloak
rCorr   .            (no gloves)
SInv    +            (no boots)
Will    ++...        P - amulet of magic regeneration
Stlth   +++++++      l - ring of poison resistance
HPRegen 0.58/turn    L - ring of Agidoh {Str+2 Int+2 SInv Stlth+}
MPRegen 0.60/turn

%: no passive effects
@: healing quickly
A: alive, fangs 3, see invisible, vampiric 2
a: Exsanguinate, Renounce Religion, Wall Jump, Serpent's Lash, Heavenly Storm


You were on level 5 of the Lair of Beasts.
You worshipped Wu Jian.
Wu Jian was exalted by your worship.
You visited 3 branches of the dungeon, and saw 17 of its levels.
You also visited: Bailey.

You collected 1460 gold pieces.

Inventory:

Hand Weapons
 a - a +3 dagger (weapon)
 u - a +1 dagger of pain
Missiles
 m - 2 atropa-tipped darts (quivered)
 p - 30 poisoned darts
 z - 13 boomerangs
 C - 2 silver boomerangs
 J - a curare-tipped dart
 V - 2 throwing nets
Armour
 h - a +2 helmet (worn)
 v - a +2 leather armour of willpower (worn)
 w - a +2 cloak (worn)
 I - a scarf of resistance
 M - the +3 kite shield of Elitism {Fly rN+}
   (You found it in a bailey)

   rN:        It protects you from negative energy.
   Fly:       It grants you flight.
 U - the +0 robe of Ru's Favour {+Blink Str+2 Int-3 Stlth+}
   (You found it on level 3 of the Lair of Beasts)

   Str:       It affects your strength (+2).
   Int:       It affects your intelligence (-3).
   +Blink:    It lets you blink.
   Stlth:     It makes you more stealthy.
Jewellery
 l - a ring of poison resistance (left hand)
 n - a ring of willpower
 q - a ring of protection from fire
 B - a ring of magical power
 L - the ring of Agidoh (right hand) {Str+2 Int+2 SInv Stlth+}
   (You found it in a bailey)

   [ring of see invisible]

   Str:       It affects your strength (+2).
   Int:       It affects your intelligence (+2).
   SInv:      It lets you see invisible.
   Stlth:     It makes you more stealthy.
 P - an amulet of magic regeneration (around neck)
 R - a ring of protection from cold
 W - a +6 ring of strength
Wands
 b - a wand of iceblast (6)
 y - a wand of paralysis (32)
 D - a wand of flame (46)
 E - a wand of acid (8)
Scrolls
 e - 3 scrolls of poison
 k - 5 scrolls of teleportation
 x - a scroll of fog
 F - 3 scrolls of fear
 G - a scroll of silence
 S - 3 scrolls of enchant armour
 T - 2 scrolls of magic mapping
 Y - 2 scrolls of identify
Potions
 c - 3 potions of invisibility
 d - 5 potions of curing
 f - 9 potions of ambrosia
 g - 3 potions of mutation
 i - 3 potions of attraction
 j - 2 potions of berserk rage
 r - 3 potions of haste
 s - 2 potions of lignification
 A - a potion of magic
 H - a potion of resistance
 N - a potion of cancellation
 O - 3 potions of enlightenment
 Q - 5 potions of might
 X - a potion of heal wounds
Miscellaneous
 K - a phial of floods (inert)
 Z - a box of beasts


   Skills:
 * Level 10.6 Fighting
 - Level 10.0 Short Blades
 + Level 4.2 Armour
 - Level 8.0 Dodging
 + Level 17.0 Stealth
 + Level 8.5 Spellcasting
 - Level 2.0 Conjurations
 + Level 13.9 Hexes
 - Level 2.0 Ice Magic
 + Level 6.2 Evocations


You had 14 spell levels left.
You knew the following spells:

 Your Spells              Type           Power      Damage    Failure   Level
a - Ensorcelled Hibernat  Hex/Ice        82%        N/A       1%          2
b - Confusing Touch       Hex            65%        N/A       1%          3
c - Tukima's Dance        Hex            65%        N/A       1%          3
d - Dazzling Flash        Conj/Hex       82%        N/A       1%          3
e - Cause Fear            Hex            32%        N/A       1%          4
f - Slow                  Hex            100%       N/A       1%          1

Your spell library contained the following spells:

 Spells                   Type           Power      Damage    Failure   Level
 Blink                    Tloc           18%        N/A       14%         2
 Lesser Beckoning         Tloc           18%        N/A       14%         2
 Momentum Strike          Conj/Tloc      18%        3d8       14%         2
 Poisonous Vapours        Pois/Air       8%         N/A       22%         2
 Gell's Gravitas          Tloc           9%         N/A       26%         3
 Teleport Other           Tloc           9%         N/A       26%         3
 Vampiric Draining        Necr           9%         2d6       26%         3
 Mephitic Cloud           Conj/Pois/Air  6%         N/A       36%         3
 Animate Armour           Summ/Erth      8%         N/A       80%         4
 Blade Hands              Tmut           4%         N/A       94%         5
 Freezing Cloud           Conj/Ice/Air   4%         6-21      95%         5
 Dispersal                Tloc           4%         N/A       100%        6
 Iron Shot                Conj/Erth      4%         9d2       100%        6
 Dragon Form              Tmut           4%         N/A       100%        7
 Dragon's Call            Summ           4%         N/A       100%        9


Dungeon Overview and Level Annotations

Branches:
Dungeon (11/15)            Temple (1/1) D:5            Lair (5/5) D:8
  Swamp (0/4) Lair:2       Spider (0/4) Lair:3        Slime (0/5) Lair:5
    Orc (0/2) D:10         Bailey (visited)

Altars:
Ashenzari
Cheibriados
Dithmenos
Fedhas
Gozag
Hepliaklqana
Kikubaaqudgha
Makhleb
Nemelex Xobeh
Okawaru
Qazlal
Ru
Sif Muna
Trog
Uskayaw
Vehumet
Wu Jian
Xom
Yredelemnul
Jiyva

Shops:
D:4 (


Innate Abilities, Weirdness & Mutations

Your natural rate of healing is accelerated.
You have razor-sharp teeth.
You have supernaturally acute eyesight. (SInv)
You are afflicted with vampirism and can become a bat while bloodless.


Message History

Your Stealth skill increases to level 17!
Unknown command.
Casting: Ensorcelled Hibernation (safe; 1% risk of failure)
Confirm with . or Enter, or press ? or * to list all spells.
Your hands begin to glow red.
The death yak misses you.
Unknown command.
Unknown command.
You hit the death yak but do no damage. The death yak gores you!
You hit the death yak but do no damage.
You bite the death yak, but do no damage.
You hit the death yak but do no damage.
You bite the death yak, but do no damage.
The death yak gores you!
You barely miss the death yak.
You bite the death yak, but do no damage.
You hit the death yak but do no damage. You bite the death yak.
The death yak is lightly wounded.
The death yak gores you!
You barely miss the death yak. You hit the death yak but do no damage.
The death yak gores you!
You hit the death yak but do no damage. You hit the death yak but do no damage.
The death yak gores you!!
You hit the death yak but do no damage. You hit the death yak but do no damage.
The death yak gores you.
You barely miss the death yak. You hit the death yak but do no damage.
The death yak gores you!!
* * * LOW HITPOINT WARNING * * *
You spin and attack the death yak repeatedly.
You hit the death yak but do no damage. You barely miss the death yak.
The death yak gores you!
* * * LOW HITPOINT WARNING * * *
Unknown command.
You hit the death yak but do no damage.
The death yak appears confused.
You spin and attack the death yak repeatedly.
You hit the death yak.
The death yak is lightly wounded.
You hit the death yak but do no damage.
The death yak is lightly wounded.
The death yak gores you!!
You die...

.................................
......#.......................P#P
P................................
.P...................P......P..#.
..P........8.....................
....8........P....P.#.#...#..###.
#........8.....P...#....##...#...
##....8........Y.................
###......8.....@.##....#.P.....P
###......###..................
##P.....## ##..........#P.....
#..###...## #.................
#######...####...P.(.P........
###.###...# #................
##.Y...##..# ##.......#.......
###...#H.Y...###................
##P...P##......###...........##..


You could see a death yak (confused).

Vanquished Creatures
  3 hydras (Lair:2)
  Harold (D:11)
  3 catoblepae
  Erica (D:8)
  3 two-headed ogres
  5 death yaks
  Urug (Lair:1)
  Amaemon (D:9)
  2 orc knights (Bailey)
  2 cyclopes (D:11)
  3 manticores
  Maurice (D:9)
  5 black mambas
  6 elephants
  5 cane toads
  An orange demon (D:9)
  3 rime drakes
  9 komodo dragons
  A troll (D:10)
  6 meliai (Lair:2)
  A polar bear (Lair:2)
  Prince Ribbit (D:9)
  2 queen bees
  6 dream sheep (Lair:5)
  17 blink frogs
  2 culicivoras (Lair:3)
  A vampire (D:10)
  A shadow (D:9)
  2 jumping spiders (Lair:3)
  27 yaks
  12 wyverns
  Eustachio (D:4)
  6 steam dragons
  6 basilisks
  4 redbacks (Lair:3)
  6 vampire mosquitoes
  19 water moccasins
  A swamp drake (D:10)
  10 orc warriors
  3 ice beasts
  2 ogres
  3 black bears
  9 wolves
  4 centaurs
  A gnoll sergeant (D:8)
  8 bullfrogs
  2 kobold brigands
  4 scorpions
  4 wights (D:8)
  62 killer bees
  4 howler monkeys
  11 orc priests
  5 hounds
  4 sleepcaps
  A gnoll bouda (D:6)
  Jessica (D:2)
  6 iguanas
  Natasha (thrice) (D:3)
  23 orc wizards
  10 gnolls
  7 adders
  A worm (D:3)
  5 dart slugs
  75 orcs
  8 bats
  2 bat zombies (D:6)
  9 endoplasms
  4 giant cockroaches
  10 goblins
  11 hobgoblins
  4 quokkas
  8 ball pythons
  6 frilled lizards
  18 kobolds
  7 rats
532 creatures vanquished.

Vanquished Creatures (collateral kills)
  A wight (D:8)
  2 orcs (D:9)
  A goblin (D:8)
4 creatures vanquished.

Vanquished Creatures (others)
  5 dancing weapons
  A goblin (D:1)
  A rat (D:1)
7 creatures vanquished.

Grand Total: 543 creatures vanquished

Notes
Turn   | Place    | Note
-------+----------+-------------------------------------------
     0 | D:1      | tilp the Vampire Enchanter began the quest for the Orb.
     0 | D:1      | Reached XP level 1. HP: 13/13 MP: 3/3
    66 | D:1      | Reached XP level 2. HP: 9/20 MP: 5/5
    75 | D:1      | Learned a level 2 spell: Ensorcelled Hibernation
   508 | D:1      | Reached skill level 1 in Fighting
   508 | D:1      | Gained mutation: You are afflicted with vampirism and can
                  | become a bat while bloodless. [Vampire growth]
   508 | D:1      | Reached XP level 3. HP: 26/26 MP: 2/6
   933 | D:1      | Learned a level 3 spell: Confusing Touch
  1360 | D:2      | Reached XP level 4. HP: 32/32 MP: 2/7
  1606 | D:2      | Noticed Jessica
  1613 | D:2      | Killed Jessica
  1614 | D:2      | Reached skill level 5 in Hexes
  1779 | D:2      | Learned a level 3 spell: Tukima's Dance
  1972 | D:2      | Reached skill level 5 in Stealth
  1972 | D:2      | Reached XP level 5. HP: 38/38 MP: 6/9
  2236 | D:3      | Found a burning altar of Makhleb.
  2563 | D:3      | Noticed Natasha
  2566 | D:3      | Killed Natasha
  2962 | D:3      | Noticed Natasha
  2967 | D:3      | Killed Natasha
  3190 | D:3      | Noticed Natasha
  3195 | D:3      | Killed Natasha
  3196 | D:3      | Reached XP level 6. HP: 44/44 MP: 7/10
  3492 | D:4      | Learned a level 3 spell: Dazzling Flash
  3608 | D:4      | Found Kauss's Antique Weapon Boutique.
  4259 | D:4      | Noticed Eustachio
  4269 | D:4      | Killed Eustachio
  4270 | D:4      | Reached XP level 7. HP: 51/51 MP: 2/12
  4848 | D:5      | Entered Level 5 of the Dungeon
  4850 | D:5      | Reached skill level 6 in Stealth
  5022 | D:5      | Found a staircase to the Ecumenical Temple.
  5055 | Temple   | Entered the Ecumenical Temple
  5180 | Temple   | Became a worshipper of the Wu Jian Council
  5319 | D:5      | Reached skill level 1 in Evocations
  5596 | D:5      | Reached XP level 8. HP: 60/60 MP: 14/14
  6116 | D:6      | Found an ancient bone altar of Kikubaaqudgha.
  6140 | D:6      | Reached * piety under Wu Jian
  6238 | D:6      | Found a hide-covered altar of Uskayaw.
  6294 | D:6      | Reached skill level 5 in Short Blades
  6304 | D:6      | Reached skill level 7 in Stealth
  6539 | D:6      | Reached skill level 5 in Spellcasting
  6768 | D:6      | Found an opulent altar of Gozag.
  7089 | D:6      | Learned a level 4 spell: Cause Fear
  7294 | D:7      | Found a radiant altar of Vehumet.
  7548 | D:7      | Reached skill level 8 in Stealth
  7548 | D:7      | Reached XP level 9. HP: 65/65 MP: 11/16
  8124 | D:7      | Found a faded altar of an unknown god.
  8124 | D:7      | Found a hazy altar of Hepliaklqana.
  8126 | D:7      | Found a faded altar of an unknown god.
  8244 | D:7      | Learned a level 1 spell: Slow
  8362 | D:8      | Reached skill level 9 in Stealth
  8365 | D:8      | Reached ** piety under Wu Jian
  8501 | D:8      | Found a flagged portal.
  8501 | D:8      | Noticed Erica
  8517 | D:8      | Killed Erica
  8518 | D:8      | Reached skill level 10 in Stealth
  8620 | Bailey   | Entered a bailey
  8983 | Bailey   | Reached skill level 10 in Short Blades
  9120 | Bailey   | Noticed an orc knight
  9121 | Bailey   | Noticed an orc knight
  9142 | Bailey   | Killed an orc knight
  9143 | Bailey   | Reached XP level 10. HP: 71/72 MP: 10/17
  9352 | Bailey   | Killed an orc knight
  9353 | Bailey   | Reached skill level 1 in Conjurations
  9353 | Bailey   | Reached skill level 1 in Ice Magic
  9409 | Bailey   | Identified the ring of Agidoh {Str+2 Int+2 SInv Stlth+}
  9411 | Bailey   | Identified the +3 kite shield of Elitism {Fly rN+}
  9589 | D:8      | Reached *** piety under Wu Jian
  9720 | D:8      | Reached skill level 5 in Fighting
 10049 | D:8      | Found a staircase to the Lair.
 10069 | D:8      | Reached skill level 5 in Dodging
 10199 | D:8      | Reached skill level 11 in Stealth
 10665 | D:8      | Reached XP level 11. HP: 81/81 MP: 19/19
 10666 | D:8      | Found a sparkling altar of Nemelex Xobeh.
 10976 | D:9      | Noticed Maurice
 10977 | D:9      | Killed Maurice
 11113 | D:9      | Reached **** piety under Wu Jian
 11499 | D:9      | Noticed Prince Ribbit
 11502 | D:9      | Killed Prince Ribbit
 11531 | D:9      | Noticed a two-headed ogre
 11542 | D:9      | Killed a two-headed ogre
 11676 | D:9      | Noticed Amaemon
 11683 | D:9      | Killed Amaemon
 11698 | D:9      | Reached skill level 10 in Hexes
 11713 | D:9      | Reached skill level 12 in Stealth
 12376 | D:10     | Entered Level 10 of the Dungeon
 12639 | D:10     | Found a bloodstained altar of Trog.
 13002 | D:10     | Reached ***** piety under Wu Jian
 13257 | D:10     | Found a staircase to the Orcish Mines.
 13261 | D:10     | Noticed a two-headed ogre
 13321 | D:10     | Killed a two-headed ogre
 13869 | D:11     | Reached skill level 13 in Stealth
 14004 | D:11     | Noticed a two-headed ogre
 14010 | D:11     | Killed a two-headed ogre
 14011 | D:11     | Reached XP level 12. HP: 92/92 MP: 22/22
 14370 | D:11     | Noticed Harold
 14388 | D:11     | Killed Harold
 14539 | D:11     | Reached skill level 14 in Stealth
 14695 | Lair:1   | Entered Level 1 of the Lair of Beasts
 15020 | Lair:1   | Noticed Urug
 15035 | Lair:1   | Killed Urug
 15036 | Lair:1   | Reached skill level 15 in Stealth
 15470 | Lair:1   | Reached skill level 1 in Armour
 15941 | Lair:2   | Found a staircase to the Swamp.
 16496 | Lair:2   | Noticed a six-headed hydra
 16496 | Lair:2   | Noticed a death yak
 16500 | Lair:2   | Killed a six-headed hydra
 16501 | Lair:2   | Reached XP level 13. HP: 101/101 MP: 24/24
 16588 | Lair:2   | Reached skill level 5 in Evocations
 16980 | Lair:2   | Reached skill level 16 in Stealth
 17239 | Lair:2   | Reached ****** piety under Wu Jian
 17896 | Lair:3   | Identified the +7 whip "Beastslayer" {drain, Will+}
 18036 | Lair:3   | Identified the +0 robe of Ru's Favour {+Blink Str+2 Int-3
                  | Stlth+}
 18224 | Lair:3   | Found a hole to the Spider Nest.
 18666 | Lair:4   | Reached skill level 10 in Fighting
 18681 | Lair:4   | Identified the +6 flail "Yjuplan" {drain, Will+}
 19124 | Lair:5   | Entered Level 5 of the Lair of Beasts
 19675 | Lair:5   | Found a viscous altar of Jiyva.
 19675 | Lair:5   | Found a staircase to the Slime Pits.
 19946 | Lair:5   | Reached XP level 14. HP: 29/111 MP: 16/26
 20654 | Lair:5   | Reached skill level 17 in Stealth
 20670 | Lair:5   | Mangled by a death yak

Illustrated notes

Levels and vault maps discovered:
D:1:      mrwooster_arrival_statue_2, layout_basic, minivault_11,
          chequers_serial_rivers_marsh, nicolae_concentric_dashed_squares_mild
D:2:      layout_loops_ring, minmay_misc_feat_room, uniq_jessica
D:3:      minmay_skewed_foursquare, layout_loops_corners, bloody_makhleb,
          uniq_natasha
D:4:      layout_loops_corners, serial_shops, shop, chequers_garden,
          grunt_decor_resistance, uniq_eustachio
D:5:      layout_loops_ring, minmay_temple_entry_water_ring, chequers_avenue,
          nrook_mini_backslash
D:6:      layout_gridville, nicolae_uskayaw_dance_hall,
          lemuel_zombie_altar_kikubaaqudgha, lemuel_crystal_altar
D:7:      layout_basic, nicolae_hepliaklqana_ecumenical_no_more,
          vehumet_altar_wand_db, minmay_a_box_with_orc_wizards_in_it
D:8:      layout_loops_ring, marbit_many_paths, minmay_lair_entry_grove,
          enter_bailey_5, uniq_erica
D:9:      layout_small_grid, tso_oasis_becter, special_room [special_room_bee],
          hangedman_decor_slide_cut, uniq_amaemon, uniq_prince_ribbit1,
          uniq_maurice
D:10:     layout_loops_ring, mainiacjoe_overflow_alcove_2, erik_orc_1
D:11:     layout_stronghold, minmay_misc_feat_pillars, minmay_misc_feat_square,
          uniq_harold
Temple:   nicolae_temple_ecumenical_triangle
Lair:1:   layout_roguey, hangedman_lair_generics_rect, uniq_urug
Lair:2:   regret_index_combs_of_tragedy, layout_regular_city,
          minmay_swamp_entry_reptiles, minmay_shattered_shrine
Lair:3:   layout_long_grid, nicolae_spider_entry_tight_spaces
Lair:4:   layout_misc_corridors, grunt_megastairs_1, serial_bayou_shore_a
Lair:5:   evilmike_catoblepas_cave, layout_long_grid, dpeg_slime_entry_corner,
          grunt_forest_small_clearing_treed, grunt_megastairs_2

Skill      XL: |  1  2  3  4  5  6  7  8  9 10 11 12 13 14 |
---------------+-------------------------------------------+-----
Fighting       | 1 2 3 4 5 8 9 10 | 10.6
Short Blades   | 2 3 4 6 10 | 10.0
Hexes          | 5 6 7 8 9 11 12 13 | 13.9
Stealth        | 5 6 8 10 11 13 15 16 17 | 17.0
Spellcasting   | 3 4 5 7 8 |  8.5
Dodging        | 3 4 5 6 8 |  8.0
Evocations     | 1 2 3 4 6 |  6.2
Conjurations   | 2 |  2.0
Ice Magic      | 2 |  2.0
Armour         | 2 4 |  4.2

Action                     |  1- 3 |  4- 6 |  7- 9 | 10-12 | 13-15 || total
---------------------------+-------+-------+-------+-------+-------++-------
  Melee: Dagger            |   103 |   140 |   377 |   819 |   324 ||  1763
         Bite              |     6 |    12 |    48 |    90 |    52 ||   208
         Punch             |     1 |     2 |     6 |    13 |     5 ||    27
  Throw: Stone             |       |     1 |       |     1 |       ||     2
   Cast: Ensorcelled Hiber |    22 |    62 |   102 |   170 |   123 ||   479
         Confusing Touch   |       |     2 |    13 |    36 |    23 ||    74
         Tukima's Dance    |       |       |     8 |    13 |       ||    21
         Dazzling Flash    |       |       |     2 |    23 |     5 ||    30
         Slow              |       |       |     1 |     3 |       ||     4
         Cause Fear        |       |       |       |       |     1 ||     1
 Invoke: Serpent's Lash    |       |       |       |       |     1 ||     1
Ability: Lunge             |       |       |    50 |    63 |    33 ||   146
         Whirlwind         |       |       |    12 |    27 |    13 ||    52
  Evoke: Wand              |       |     1 |     6 |       |     1 ||     8
         Phial of floods   |       |       |       |       |     1 ||     1
    Use: Potion            |     1 |       |     4 |       |     3 ||     8
         Scroll            |     4 |     5 |     8 |     8 |     9 ||    34
   Stab: Invisible         |     1 |       |     5 |    25 |     4 ||    35
         Sleeping          |    18 |    55 |    66 |   111 |    95 ||   345
         Paralysed         |       |     2 |     4 |       |       ||     6
         Confused          |       |       |    16 |    37 |    25 ||    78
         Distracted        |       |       |     1 |       |     1 ||     2
 Armour: Robe              |    15 |     7 |       |       |       ||    22
         Leather armour    |       |    12 |   142 |   191 |    76 ||   421
  Dodge: Dodged            |    53 |    58 |   195 |   445 |   210 ||   961

Table legend: (Time is in decaauts)
 A = Elapsed time spent in this place.
 B = Non-inter-level travel time spent in this place.
 C = Inter-level travel time spent in this place.
 D = Time resting spent in this place.
 E = Time spent auto-exploring this place.
 F = Levels seen in this place.
 G = Mean time per level.
                   A        B        C        D        E       F      G
               +--------+--------+--------+--------+--------+-----+--------+
         Total |  20104 |  19474 |    630 |   2226 |  12961 |  18 | 1116.9 |
       Dungeon |  13327 |  12890 |    437 |    901 |   9302 |  11 | 1211.5 |
        Temple |    132 |    116 |     16 |      0 |    104 |   1 |  132.0 |
          Lair |   5810 |   5634 |    176 |   1004 |   3341 |   5 | 1162.0 |
        Bailey |    833 |    833 |      0 |    321 |    213 |   1 |  833.0 |
               +--------+--------+--------+--------+--------+-----+--------+

Top non-repeatable levels by time:
  Lair:2: 1805 daAuts
     D:8: 1752 daAuts
     D:4: 1520 daAuts
  Lair:5: 1475 daAuts
    D:10: 1308 daAuts
     D:6: 1298 daAuts
  Lair:1: 1294 daAuts
     D:9: 1230 daAuts
     D:7: 1205 daAuts
     D:2: 1173 daAuts
     D:3: 1120 daAuts
     D:1: 1007 daAuts
    D:11: 918 daAuts
  Bailey: 833 daAuts
     D:5: 795 daAuts
